 Dungeon Crawl Stone Soup version 0.21.1-1-g345015f (webtiles) character file.

2 Monsterracer the Ducker (level 1, 0/15 HPs)
             Began as a Minotaur Venom Mage on July 9, 2018.
             Slain by a hobgoblin
             ... wielding a +0 club
              (2 damage)
             ... on level 1 of the Dungeon.
             The game lasted 00:00:20 (101 turns).

Monsterracer the Ducker (Minotaur Venom Mage)        Turns: 101, Time: 00:00:21

Health: 0/15       AC:  2    Str: 12    XL:     1   Next: 25%
Magic:  1/1        EV: 12    Int: 12    God:
Gold:   0          SH:  0    Dex: 10    Spells: 1/2 levels left

rFire    . . .     SeeInvis .   (no weapon)
rCold    . . .     Gourm    .   (no shield)
rNeg     . . .     Faith    .   a - +0 robe
rPois    .         Spirit   .   (helmet restricted)
rElec    .         Reflect  .   (no cloak)
rCorr    .         Harm     .   (no gloves)
MR       .....                  (no boots)
Stlth    ++........             b - amulet of magic regeneration
HPRegen  0.05/turn              (no ring)
MPRegen  0.32/turn              (no ring)

@: no status effects
A: retaliatory headbutt, horns 2
a: no special abilities


You were on level 1 of the Dungeon.
You were not hungry.

You visited 1 branch of the dungeon, and saw 1 of its levels.

Inventory:

Armour
 a - a +0 robe (worn)
Jewellery
 b - an amulet of magic regeneration (around neck)
Comestibles
 c - a ration


   Skills:
 * Level 0.8 Fighting
 - Level 2.1 Dodging
 - Level 1.5 Stealth
 - Level 1.3 Spellcasting
 - Level 0.6 Conjurations
 - Level 2.1 Poison Magic


You had one spell level left.
You knew the following spells:

 Your Spells              Type           Power        Failure   Level  Hunger
b - Sting                 Conj/Pois      #...         17%         1    ##.....


Dungeon Overview and Level Annotations

Branches:
Dungeon (1/15)

Altars:


Innate Abilities, Weirdness & Mutations

You reflexively headbutt those who attack you in melee.
You have a pair of horns on your head.


Message History

Welcome, Monsterracer the Minotaur Venom Mage.
Will you prevail where others failed? Will you find the Orb of Zot?
Press ? for a list of commands and other information.
Found a staircase leading out of the dungeon.
Drop what? 3/52 slots (_ for help) (? for menu, Esc to quit)
You drop a Young Poisoner's Handbook.
You open the door.
There is an open door here.
You open the door.
Found a robe.
There is an open door here.
There is an open door here.
A hobgoblin comes into view. It is wielding a club.
The hobgoblin shouts!
A hobgoblin is nearby!
A hobgoblin is nearby!
The hobgoblin hits you but does no damage.
Found a lumpy fluorescent amulet.
You closely miss the hobgoblin. Your headbutt misses the hobgoblin.
The hobgoblin barely misses you. You furiously retaliate!
You headbutt the hobgoblin!
You kill the hobgoblin!
Health restored: 15 No target in view!
No target in view!
No target in view!
b - a lumpy fluorescent amulet Put on which piece of jewellery? (? for menu, Esc to quit)
The amulet hums as it attunes itself to your energized body.
b - an amulet of magic regeneration (around neck)
You open the door.
A frilled lizard comes into view.
A frilled lizard is nearby!
There is an open door here.
A frilled lizard is nearby!
A frilled lizard is nearby!
The frilled lizard bites you.
You take 3 damage, and have 12/15 hp.
You hit the frilled lizard.
The frilled lizard is heavily wounded.
The frilled lizard closely misses you.
You hit the frilled lizard but do no damage.
The frilled lizard is heavily wounded.
The frilled lizard closely misses you.
A frilled lizard is nearby!
You closely miss the frilled lizard.
You kill the frilled lizard!
No target in view!
HP restored.
You open the door.
There is an open door here.
A hobgoblin comes into view. It is wielding a club.
Found a ration.
Health restored: 15 A hobgoblin is nearby!
The hobgoblin hits you with a club.
You take 2 damage, and have 13/15 hp.
You hit the hobgoblin.
The hobgoblin is moderately wounded.
The hobgoblin hits you with a club.
You take 2 damage, and have 11/15 hp.
A hobgoblin is nearby!
You are too injured to fight recklessly!
You are too injured to fight recklessly!
A hobgoblin is nearby!
You are too injured to fight recklessly!
You are too injured to fight recklessly!
A hobgoblin is nearby!
You are too injured to fight recklessly!
You hit the hobgoblin but do no damage. Your headbutt misses the hobgoblin.
The hobgoblin is moderately wounded.
The hobgoblin hits you with a club.
You take 3 damage, and have 8/15 hp.
You closely miss the hobgoblin.
The hobgoblin is moderately wounded.
The hobgoblin closely misses you. You furiously retaliate!
You headbutt the hobgoblin, but do no damage.
You barely miss the hobgoblin.
The hobgoblin is moderately wounded.
The hobgoblin misses you.
You hit the hobgoblin.
The hobgoblin is severely wounded.
You barely miss the hobgoblin.
The hobgoblin is severely wounded.
The hobgoblin hits you with a club.
* * * LOW HITPOINT WARNING * * *
You take 6 damage, and have 2/15 hp.
MASSIVE DAMAGE!!
You hit the hobgoblin but do no damage.
The hobgoblin is severely wounded.
The hobgoblin hits you with a club.
You die...

...#......#
.....#...## #.#####.##
..# #.# ### #.# ###
### ##'## #.. ...
##...## #%##.##
##.....## #g#...##
##.......## #@.....#
#.........####.....##
+.........'...........
#.........####.......#
##.......## ##.#...##
##.....## ###.##
##...## .# ##+## #


You could see a hobgoblin.

Vanquished Creatures
  A hobgoblin (D:1)
  A frilled lizard (D:1)
2 creatures vanquished.

Notes
Turn   | Place    | Note
-------+----------+-------------------------------------------
     0 | D:1      | Monsterracer the Minotaur Venom Mage began the quest for the Orb.
     0 | D:1      | Reached XP level 1. HP: 14/14 MP: 1/1
   100 | D:1      | HP: 2/15 [hobgoblin/club (6)]
   101 | D:1      | Slain by a hobgoblin

Action                   || total
-------------------------++-------
Melee: Unarmed           ||    11
       Headbutt          ||     1
Armor: Robe              ||     1
Dodge: Dodged            ||     5

Vault maps used:
D:1:      noname_arrival_rooms_in_the_neighbourhood
